 Dungeon Crawl Stone Soup version 0.25-a0-571-gb5e01bd (webtiles) character file.

Game seed: 8339089407212783709, levelgen mode: deterministic

24 Firecrotchwizard the Skirmisher (level 3, 0/33 HPs)
             Began as a Hill Orc Fighter on Feb 29, 2020.
             Slain by a white imp (2 damage)
             ... summoned by Natasha
             ... on level 2 of the Dungeon.
             The game lasted 00:01:07 (684 turns).

Firecrotchwizard the Skirmisher (Hill Orc Fighter)   Turns: 684, Time: 00:01:08

Health: 0/33       AC:  9    Str: 19    XL:     3   Next: 2%
Magic:  3/3        EV:  7    Int:  8    God:
Gold:   66         SH:  9    Dex: 10    Spells: 2/2 levels left

rFire    . . .     SeeInvis .   a - +0 trident
rCold    . . .     Gourm    .   c - +0 kite shield
rNeg     . . .     Faith    .   b - +0 scale mail
rPois    .         Spirit   .   (no helmet)
rElec    .         Reflect  .   (no cloak)
rCorr    .         Harm     .   (no gloves)
MR       .....                  (no boots)
Stlth    ..........             (no amulet)
HPRegen  0.11/turn              l - +3 ring of protection
MPRegen  0.08/turn              (no ring)

@: lethally poisoned (0 -> -1)
A: no striking features
a: no special abilities


You were on level 2 of the Dungeon.
You were not hungry.

You visited 1 branch of the dungeon, and saw 2 of its levels.

You collected 66 gold pieces.

Inventory:

Hand Weapons
 a - a +0 trident (weapon)
Armour
 b - a +0 scale mail (worn)
 c - a +0 kite shield (worn)
Jewellery
 l - a +3 ring of protection (left hand)
   (You found it on level 1 of the Dungeon)
Scrolls
 e - 2 scrolls of enchant armour {unknown}
 h - a scroll of magic mapping {unknown}
 i - a scroll of fear {unknown}
 m - a scroll of remove curse {unknown}
Potions
 d - a potion of might
 j - a potion of curing {unknown}
 k - a potion of haste {unknown}
Comestibles
 f - a ration
 g - 4 chunks of flesh {@w0}


   Skills:
 + Level 3.9 Fighting
 * Level 2.8 Polearms
 + Level 3.5 Armour
 + Level 3.5 Shields


You had 2 spell levels left.
You didn't know any spells.
Your spell library was empty.

Dungeon Overview and Level Annotations

Branches:
Dungeon (2/15)

Altars:

Annotations:
D:2 Natasha


Message History

Natasha, Servant of Life and Death comes into view.
She is carrying a wand of digging (5).
An adder comes into view.
You hear a zap.
Some rock shatters into small pieces.
The jackal bites you but does no damage.
You hit the jackal.
You kill the jackal!
You closely miss the jackal. The jackal bites you. x2
You take 2 damage, and have 18/27 hp.
You barely miss the jackal. You block the jackal's attack.
Natasha zaps a wand.
Some rock shatters into small pieces.
The jackal barely misses you.
You hit the jackal.
The jackal bites you but does no damage.
You block the jackal's attack.
You puncture the jackal!
You kill the jackal!
You have reached level 3!
Your experience leads to an increase in your attributes!
Increase (S)trength, (I)ntelligence, or (D)exterity?
You feel stronger. Natasha claws you but does no damage.
You regained 4 hp, and now have 23/33 hp.
MP restored: 3 You closely miss Natasha.
You block Natasha's attack. Natasha claws you but does no damage.
You miss Natasha. Natasha barely misses you.
You hit Natasha.
Natasha stares at you and mumbles some strange words.
The magic dart hits you!
You take 7 damage, and have 16/33 hp.
MASSIVE DAMAGE!!
You hit Natasha but do no damage.
Natasha mumbles some strange words.
You closely miss Natasha. You block Natasha's attack. The crimson imp hits you.
Natasha claws you.
You take 4 damage, and have 13/33 hp.
You barely miss Natasha. You block the crimson imp's attack.
Natasha casts a spell.
You puncture Natasha! The adder bites you but does no damage.
The crimson imp blinks!
The adder bites you.
You are poisoned.
The adder poisons you! You block Natasha's attack.
You take 1 damage, and have 12/33 hp.
You feel sick. The adder closely misses you.
You take 1 damage, and have 11/33 hp.
Natasha casts a spell.
The crimson imp blinks!
The white imp shouts, "Fly, thou weedy kobold-kissing jarkman!"
You block the adder's attack.
Your shield and scale mail prevent you from hitting the adder.
You feel sick.
Natasha zaps a wand.
Some rock shatters into small pieces.
You block the adder's attack.
The crimson imp hits you but does no damage.
You take 1 damage, and have 10/33 hp.
You closely miss the adder. You block the adder's attack. x2
The crimson imp hits you but does no damage.
Natasha zaps a wand.
Some rock shatters into small pieces.
You closely miss the adder. The adder bites you.
* * * LOW HITPOINT WARNING * * *
The white imp puffs mist at you. The crimson imp closely misses you.
The adder bites you but does no damage.
You take 1 damage, and have 9/33 hp.
You hit the adder.
You feel sick. The white imp closely misses you.
The crimson imp hits you but does no damage.
You block the adder's attack. You block the white imp's attack.
You take 1 damage, and have 8/33 hp.
You hit the adder. The adder closely misses you.
The crimson imp hits you but does no damage.
The crimson imp shouts, "Slither away, thou dissembling weeb-spouting toady!"
The white imp closely misses you. The adder barely misses you.
The crimson imp blinks!
You closely miss the adder.
The crimson imp shouts, "Slither away, thou churlish bat-fowling pot-faker!"
You block the adder's attack.
The white imp shouts, "Give up, thou bawdy fat-kidneyed socdollager!"
The white imp hits you but does no damage.
The crimson imp barely misses you.
You hit the adder but do no damage.
You feel sick. The adder bites you but does no damage.
The white imp hits you but does no damage.
You block the adder's attack. You block the crimson imp's attack.
You take 1 damage, and have 7/33 hp.
You closely miss the adder. The adder closely misses you.
You block the white imp's attack.
The crimson imp hits you but does no damage.
The adder bites you but does no damage.
The white imp hits you but does no damage.
You closely miss the adder. The crimson imp completely misses you.
The adder bites you.
* * * LOW HITPOINT WARNING * * *
The crimson imp hits you.
* * * LOW HITPOINT WARNING * * *
The white imp shouts, "Bolt, thou fobbing ruttish skainsmate!"
The white imp hits you.
* * * LOW HITPOINT WARNING * * *
The white imp freezes you.
You die...

########## #.........
... #.####.#.# #.# .S##
##.## .#.##.# ....
##...#####...#.# ..h
#.#.........(..# .h#
##...#####...#.## ..#
##..# ##5#5..##...# #..#
#.@Sh†..#..##..#
#..########5............
#......... ##.###)..####
#.#######. .## ..## #.#
# ..# #######.## ..#
.........######.## ..#
.######.....<....# ..#
##.##......... ...


You could see Natasha, 2 crimson imps, an adder and a white imp.

Vanquished Creatures
  An ooze (D:1)
  A dart slug (D:1)
  A giant cockroach (D:1)
  2 goblins (D:1)
  4 hobgoblins
  2 jackals (D:2)
  3 bats
  A kobold (D:1)
  A rat (D:1)
16 creatures vanquished.

Notes
Turn   | Place    | Note
-------+----------+-------------------------------------------
     0 | D:1      | Firecrotchwizard the Hill Orc Fighter began the quest for
                  | the Orb.
     0 | D:1      | Reached XP level 1. HP: 19/19 MP: 1/1
    63 | D:1      | Reached XP level 2. HP: 22/27 MP: 2/2
   657 | D:2      | Noticed Natasha
   666 | D:2      | Reached XP level 3. HP: 23/33 MP: 3/3
   679 | D:2      | HP: 8/33 [poisoned by an adder]
   684 | D:2      | HP: 6/33 [adder (1)]
   684 | D:2      | HP: 2/33 [white imp[Natasha] (3)]
   684 | D:2      | Slain by a white imp

Levels and vault maps discovered:
D:1:      psy_arrival_terrarium, layout_loops_ring, skrybe_limestone_x
D:2:      layout_loops_ring, uniq_sigmund, uniq_natasha

Action                   || total
-------------------------++-------
Melee: Trident           ||    67
Armor: Scale mail        ||    30
Dodge: Dodged            ||    20
Block: Kite shield       ||    33

Table legend:
 A = Non-vault XP
 B = Vault XP
 C = Vault XP percentage of total XP
 D = Non-vault monster count
 E = Vault monster count
 F = Vault count percentage of total count
                 A         B        C        D         E       F
            +---------+---------+-------+---------+---------+-------
      Total |      35 |       0 |   0.0 |      16 |       0 |   0.0
            +---------+---------+-------+---------+---------+-------
        D:1 |      27 |       0 |   0.0 |      12 |       0 |   0.0
        D:2 |       8 |       0 |   0.0 |       4 |       0 |   0.0
            +---------+---------+-------+---------+---------+-------

Levels and vault maps discovered:
D:1:      psy_arrival_terrarium, layout_loops_ring, skrybe_limestone_x
D:2:      layout_loops_ring, uniq_sigmund, uniq_natasha

Table legend:
 A = Turns spent in this place as a percentage of turns spent in the entire game.
 B = Non-inter-level travel turns spent in this place as a percentage of non-inter-level travel turns spent in the entire game.
 C = Inter-level travel turns spent in this place as a percentage of turns spent in this place.
 D = Turns resting spent in this place as a percentage of non-inter-level travel turns spent in this place.
 E = Turns spent auto-exploring this place as a percentage of non-inter-level travel turns spent in this place.
 F = Non-inter-level travel turns spent in this place divided by the number of levels of this place that you've seen.
                   A       B       C       D       E      F
               +-------+-------+-------+-------+-------+----------------------
         Total | 100.0 | 100.0 |   1.5 |   0.0 |  83.1 | 337.0
       Dungeon | 100.0 | 100.0 |   1.5 |   0.0 |  83.1 | 337.0
               +-------+-------+-------+-------+-------+----------------------

Table legend:
 A = Kills in this place as a percentage of kills in entire the game.
 B = Kills by you in this place as a percentage of kills by you in the entire game.
 C = Kills by friends in this place as a percentage of kills by friends in the entire game.
 D = Other kills in this place as a percentage of other kills in the entire game.
 E = Experience gained in this place as a percentage of experience gained in the entire game.
 F = Experience gained in this place divided by the number of levels of this place that you have seen.
                   A       B       C       D       E      F
               +-------+-------+-------+-------+-------+----------------------
         Total | 100.0 | 100.0 |   N/A |   N/A | 100.0 |  17.5
       Dungeon | 100.0 | 100.0 |   N/A |   N/A | 100.0 |  17.5
               +-------+-------+-------+-------+-------+----------------------
